 Dungeon Crawl Stone Soup version 0.28-a0-661-g144af121cd (webtiles) character file.

Game seed: 17711037520007313808

18 Ijustatesigmund the Chopper (level 2, -2/26 HPs)
             Began as a Gnoll Wanderer on Oct 14, 2021.
             Slain by a worm (9 damage)
             ... on level 2 of the Dungeon.
             The game lasted 00:02:34 (1313 turns).

Ijustatesigmund the Chopper (Gnoll Wanderer)        Turns: 1313, Time: 00:02:35

Health: -2/26      AC:  2    Str: 11    XL:     2   Next: 70%
Magic:  2/2        EV:  7    Int: 10    God:
Gold:   11         SH: 11    Dex: 12    Spells: 2/2 levels left

rFire   . . .      SeeInvis .   d - +0 hand axe
rCold   . . .      Faith    .   j - +0 tower shield
rNeg    . . .      Spirit   .   e - +0 robe
rPois   .          Reflect  .   (no helmet)
rElec   .          Harm     .   (no cloak)
rCorr   .          Rampage  .   (no gloves)
Will    .....                   (no boots)
Stlth   +.........              (no amulet)
HPRegen 0.08/turn               (no ring)
MPRegen 0.08/turn               (no ring)

@: no status effects
A: fangs 1, strong nose, distributed training
a: no special abilities


You were on level 2 of the Dungeon.
You visited 1 branch of the dungeon, and saw 2 of its levels.

You collected 11 gold pieces.

Inventory:

Hand Weapons
 a - a +0 hand crossbow
 d - a +0 hand axe (weapon)
Missiles
 c - 24 bolts
Armour
 e - a +0 robe (worn)
 j - a +0 tower shield (worn)
Scrolls
 f - a scroll of vulnerability {unknown}
 h - 2 scrolls of fear {unknown}
 i - a scroll of torment {unknown}
 k - a scroll of teleportation {unknown}
Potions
 g - a potion of lignification {unknown}
 l - a potion of flight {unknown}
Miscellaneous
 b - a lightning rod (4/4) (quivered)


   Skills:
 + Level 4.5 Fighting
 + Level 4.5 Short Blades
 + Level 0.5 Long Blades
 + Level 6.5 Axes
 + Level 0.5 Maces & Flails
 + Level 0.5 Polearms
 + Level 0.5 Staves
 + Level 0.5 Slings
 + Level 0.5 Bows
 + Level 0.5 Crossbows
 + Level 0.5 Throwing
 + Level 2.5 Armour
 + Level 0.5 Dodging
 + Level 0.5 Stealth
 + Level 2.5 Shields
 + Level 0.5 Unarmed Combat
 + Level 0.5 Spellcasting
 + Level 0.3 Conjurations
 + Level 0.3 Hexes
 + Level 0.3 Summonings
 + Level 0.3 Necromancy
 + Level 0.3 Translocations
 + Level 0.3 Transmutations
 + Level 0.3 Fire Magic
 + Level 0.3 Ice Magic
 + Level 0.3 Air Magic
 + Level 0.3 Earth Magic
 + Level 0.3 Poison Magic
 + Level 0.6 Invocations
 + Level 2.5 Evocations


You had 2 spell levels left.
You didn't know any spells.
Your spell library was empty.

Dungeon Overview and Level Annotations

Branches:
Dungeon (2/15)

Altars:


Innate Abilities, Weirdness & Mutations

You have very sharp teeth.
Your uncanny sense of smell can sniff out nearby items.
Your experience applies equally to all skills.


Message History

No target in view!
Found 13 arrows.
You open the door.
There is an open door here.
l - a metallic orange potion A worm comes into view.
You hit the worm.
The worm is moderately wounded.
The worm bites you!
You hit the worm.
The worm is heavily wounded.
The worm bites you.
You hit the worm.
The worm is severely wounded.
The worm barely misses you.
You barely miss the worm.
The worm is heavily wounded.
The worm bites you.
You are too injured to fight recklessly!
You are too injured to fight recklessly!
You are too injured to fight recklessly!
You are too injured to fight recklessly!
You are too injured to fight recklessly!
You are too injured to fight recklessly!
You are too injured to fight recklessly!
You are too injured to fight recklessly!
You are too injured to fight recklessly!
You hit the worm. You bite the worm, but do no damage.
The worm is severely wounded.
You hit the worm.
The worm is almost dead.
The worm bites you.
* * * LOW HITPOINT WARNING * * *
You hit the worm.
The worm is almost dead.
You block the worm's attack.
You barely miss the worm. You bite the worm, but do no damage.
The worm is almost dead.
The worm bites you!
You die...

#....#....######
#......
#...###...#....#
#..###. #...#
#...#..#.# #..# #.
#...# #...#....#
#..###. #...#
#...##.#.###......
#...#
#...##.#..........
#...#
#...#..#)###......
#...# #...#...##
#####.# #...#
#@..##.## #......
#...# #w..##.#
#.###.# #...#
#...##.# #.# #.#
#...# #...##.# #.#
#.# #...# #...##.#
#.# #.. ###...#
#...##.# #.# ###
##.##'#####+###.#
#.#####
#.....#.#.......#
#......
##...##.#.#.#####
#######


You could see a worm.

Vanquished Creatures
  A dart slug (D:1)
  2 bats
  A giant cockroach (D:1)
  A goblin (D:1)
  3 hobgoblins
  2 quokkas (D:1)
  2 ball pythons (D:1)
  2 frilled lizards
  A kobold (D:1)
  A rat (D:1)
16 creatures vanquished.

Vanquished Creatures (others)
  3 plants (D:2)
3 creatures vanquished.

Grand Total: 19 creatures vanquished

Notes
Turn   | Place    | Note
-------+----------+-------------------------------------------
     0 | D:1      | Ijustatesigmund the Gnoll Wanderer began the quest for the
                  | Orb.
     0 | D:1      | Ijustatesigmund set off with the following items: a +0 hand
                  | crossbow, a lightning rod (4/4), 25 bolts, a +0 hand axe, a
                  | +0 robe
     0 | D:1      | Reached XP level 1. HP: 20/20 MP: 1/1
   474 | D:1      | Reached XP level 2. HP: 17/26 MP: 2/2
  1313 | D:2      | Slain by a worm

Illustrated notes

Levels and vault maps discovered:
D:1:      ebering_hopf_link, layout_rooms
D:2:      layout_loops_corners, nrook_uturn, serial_bayou_ford_a,
          serial_park_tiny_pond, uniq_crazy_yiuf_cottage, uniq_robin,
          uniq_terence

Action                   || total
-------------------------++-------
Melee: Hand axe          ||    55
       Bite              ||     3
 Fire: Hand crossbow     ||     2
Armor: Robe              ||     8
Dodge: Dodged            ||    25
Block: Tower shield      ||     8

Table legend: (Time is in decaauts)
 A = Elapsed time spent in this place.
 B = Non-inter-level travel time spent in this place.
 C = Inter-level travel time spent in this place.
 D = Time resting spent in this place.
 E = Time spent auto-exploring this place.
 F = Levels seen in this place.
 G = Mean time per level.
                   A        B        C        D        E       F      G
               +--------+--------+--------+--------+--------+-----+--------+
         Total |   1322 |   1316 |      6 |    714 |    450 |   2 |  661.0 |
       Dungeon |   1322 |   1316 |      6 |    714 |    450 |   2 |  661.0 |
               +--------+--------+--------+--------+--------+-----+--------+

Top non-repeatable levels by time:
     D:1: 1077 daAuts
     D:2: 245 daAuts
